 Dungeon Crawl Stone Soup version 0.29-a0-393-g47a863cc1b (webtiles) character file.

Game seed: 778253825316704233

1316 happo123 the Ruffian (level 8, -2/75 HPs)
             Began as a Troll Berserker on May 9, 2022.
             Was an Elder of Trog.
             Slain by a wyvern zombie (9 damage)
             ... on level 5 of the Dungeon.
             The game lasted 00:19:07 (2982 turns).

happo123 the Ruffian (Troll Berserker)              Turns: 2982, Time: 00:19:07

Health: -2/75      AC:  4    Str: 28    XL:     8   Next: 33%
Magic:  0/7        EV: 11    Int:  3    God:    Trog [****..]
Gold:   141        SH: 11    Dex:  9    Spells: 7/7 levels left

rFire   + . .      SeeInvis .     - Unarmed
rCold   + . .      Faith    .   m - +0 tower shield
rNeg    . . .      Spirit   +   a - +0 animal skin
rPois   .          Reflect  .   (helmet restricted)
rElec   .          Harm     .   d - scarf {rC+ rF+}
rCorr   .          Rampage  .   (gloves unavailable)
Will    .....                   (boots unavailable)
Stlth   +.........              q - amulet of guardian spirit
HPRegen 1.02/turn               o - +4 ring of evasion
MPRegen 0.10/turn               (no ring)

@: on berserk cooldown, slowed, very slow
A: large, unfitting armour, claws 3, regeneration 1, shaggy fur 1, tough skin 1
a: Renounce Religion, Berserk, Trog's Hand, Brothers in Arms


You were on level 5 of the Dungeon.
You worshipped Trog.
Trog was greatly pleased with you.
You visited 1 branch of the dungeon, and saw 5 of its levels.

You collected 141 gold pieces.

Inventory:

Hand Weapons
 b - a +0 war axe
Armour
 a - a +0 animal skin (worn)
 d - a scarf of resistance (worn)
 m - a +0 tower shield (worn)
 s - a scarf of shadows
Jewellery
 i - an amulet of faith
 o - a +4 ring of evasion (left claw)
 q - an amulet of guardian spirit (around neck)
 y - a ring of fire
Wands
 u - a wand of polymorph (5)
Scrolls
 f - a scroll of vulnerability {unknown}
 j - 4 scrolls of identify
 k - a scroll of acquirement {unknown}
 l - 2 scrolls of teleportation
 p - 2 scrolls of enchant weapon
 t - a scroll of silence {unknown}
 w - a scroll of poison {unknown}
 x - a scroll of noise {unknown}
 z - 2 scrolls of fog {unknown}
Potions
 c - a potion of mutation {unknown}
 e - a potion of curing {unknown}
 g - 3 potions of brilliance
 h - 4 potions of attraction
 n - a potion of cancellation {unknown}
 r - a potion of flight {unknown}
 v - a potion of heal wounds {unknown}


   Skills:
 + Level 3.4 Fighting
 + Level 3.1 Axes
 + Level 4.5 Dodging
 + Level 0.7 Stealth
 + Level 3.1 Shields
 + Level 6.7 Unarmed Combat


You had 7 spell levels left.
You didn't know any spells.
Your spell library was empty.

Dungeon Overview and Level Annotations

Branches:
Dungeon (5/15)
 Temple: D:4-7

Altars:
Elyvilon
Nemelex Xobeh
Qazlal
Ru
Sif Muna
Zin


Innate Abilities, Weirdness & Mutations

You are too large for most types of armour.
You have claws for hands.
Your natural rate of healing is unusually fast.
You are covered in fur. (AC +1)
You have tough skin. (AC +1)


Message History

The scorpion zombie hits you but does no damage.
You block the bullfrog zombie's attack.
You completely miss the bullfrog zombie.
The bullfrog zombie is severely damaged.
You hit the scorpion zombie. The bullfrog zombie closely misses you.
You block the scorpion zombie's attack. The bullfrog zombie hits you.
The scorpion zombie barely misses you. You block the bullfrog zombie's attack.
The scorpion zombie hits you.
You hit the bullfrog zombie but do no damage.
The bullfrog zombie is severely damaged.
You barely miss the wyvern zombie. You slash the scorpion zombie!
You destroy the scorpion zombie!
Trog accepts your kill. The wyvern zombie bites you.
You block the bullfrog zombie's attack. You block the wyvern zombie's attack.
The bullfrog zombie closely misses you. The wyvern zombie bites you!
The bullfrog zombie closely misses you. The wyvern zombie bites you!
You barely miss the wyvern zombie. You barely miss the bullfrog zombie.
You block the bullfrog zombie's attack. The wyvern zombie barely misses you.
The bullfrog zombie hits you. The wyvern zombie barely misses you.
The bullfrog zombie closely misses you. The wyvern zombie bites you.
You slash the wyvern zombie!
The wyvern zombie is moderately damaged.
You hit the bullfrog zombie. The bullfrog zombie hits you.
You block the wyvern zombie's attack. The bullfrog zombie hits you.
The wyvern zombie bites you!
* * * LOW HITPOINT WARNING * * *
You block the bullfrog zombie's attack. The wyvern zombie bites you!
* * * LOW HITPOINT WARNING * * *
The bullfrog zombie hits you but does no damage.
You are now empty-clawed.
You block the wyvern zombie's attack.
You scratch the wyvern zombie.
The wyvern zombie is heavily damaged.
You block the bullfrog zombie's attack. You block the wyvern zombie's attack.
The bullfrog zombie hits you but does no damage.
The wyvern zombie barely misses you.
You barely miss the wyvern zombie.
The wyvern zombie is heavily damaged.
You block the bullfrog zombie's attack. The wyvern zombie bites you!
You die...

#.....##### ..#.#
#..#....... ###.#.#
#.....##'##
#...#.#######...###.##
#.#.#......########.##
#.........?+......(<..
#........ #########.
#..ZZ.#####.......#.
#..@......).......#.
#.........#....####.
..<..........#.........
#.............##########
#.............#
#.............#
#.)...........#
#######.......#


You could see a bullfrog zombie and a wyvern zombie.

Vanquished Creatures
  The ghost of qwertyui the Covered, an amateur MiFi (D:4)
  A steam dragon (D:4)
  A black bear (D:5)
  A scorpion (D:5)
  A necrophage (D:4)
  A water moccasin zombie (D:5)
  A howler monkey (D:5)
  A bullfrog zombie (D:5)
  A bullfrog skeleton (D:5)
  2 hounds (D:5)
  A jelly (D:4)
  3 orc priests
  A centaur skeleton (D:5)
  2 iguanas (D:5)
  A scorpion zombie (D:5)
  Natasha (thrice) (D:4)
  2 hound zombies (D:5)
  A hound skeleton (D:5)
  A howler monkey zombie (D:5)
  6 gnolls
  4 adders
  2 ufetubi (D:5)
  An adder skeleton (D:5)
  4 worms
  4 dart slugs
  16 orcs
  11 ball pythons
  3 bats (D:1)
  10 endoplasms
  4 giant cockroaches
  7 hobgoblins
  3 quokkas
  3 frilled lizards
  10 goblins
  8 kobolds
  10 rats
132 creatures vanquished.

Vanquished Creatures (others)
  2 orc wizards
  4 orcs (D:4)
6 creatures vanquished.

Grand Total: 138 creatures vanquished

Notes
Turn   | Place    | Note
-------+----------+-------------------------------------------
     0 | D:1      | happo123 the Troll Berserker began the quest for the Orb.
     0 | D:1      | Reached XP level 1. HP: 22/22 MP: 0/0
   111 | D:1      | Reached XP level 2. HP: 29/29 MP: 1/1
   276 | D:1      | Found a faded altar of an unknown god.
   296 | D:1      | Reached ** piety under Trog
   352 | D:1      | Reached XP level 3. HP: 36/36 MP: 2/2
   804 | D:2      | Reached skill level 4 in Unarmed Combat
   804 | D:2      | Reached XP level 4. HP: 45/45 MP: 3/3
  1589 | D:3      | Found a white marble altar of Elyvilon.
  1700 | D:3      | Reached *** piety under Trog
  1779 | D:3      | Found a sacrificial altar of Ru.
  1974 | D:3      | Reached XP level 5. HP: 53/53 MP: 2/4
  2146 | D:4      | Identified the +0 leather armour of the Stars {rF+ Dex+8}
  2154 | D:4      | Reached skill level 5 in Unarmed Combat
  2168 | D:4      | Noticed a steam dragon
  2179 | D:4      | Killed a steam dragon
  2180 | D:4      | Reached skill level 1 in Axes
  2180 | D:4      | Reached skill level 1 in Shields
  2180 | D:4      | Reached XP level 6. HP: 48/61 MP: 2/5
  2287 | D:4      | Noticed Natasha
  2291 | D:4      | Killed Natasha
  2402 | D:4      | Noticed Natasha
  2410 | D:4      | Killed Natasha
  2411 | D:4      | Reached XP level 7. HP: 49/67 MP: 3/6
  2413 | D:4      | Found a sparkling altar of Nemelex Xobeh.
  2418 | D:4      | Found a glowing silver altar of Zin.
  2418 | D:4      | Found a stormy altar of Qazlal.
  2433 | D:4      | Found a shimmering blue altar of Sif Muna.
  2475 | D:4      | Found a runed translucent door.
  2475 | D:4      | Noticed qwertyui's ghost (amateur MiFi)
  2479 | D:4      | Noticed Natasha
  2491 | D:4      | Killed qwertyui's ghost
  2493 | D:4      | Killed Natasha
  2744 | D:5      | Entered Level 5 of the Dungeon
  2759 | D:5      | Reached skill level 6 in Unarmed Combat
  2828 | D:5      | Reached XP level 8. HP: 19/75 MP: 3/7
  2945 | D:5      | Reached **** piety under Trog
  2979 | D:5      | HP: 3/75 [wyvern zombie (13)]
  2982 | D:5      | Slain by a wyvern zombie

Illustrated notes

Levels and vault maps discovered:
D:1:      scummos_arrival_forest, layout_rooms,
          shapermc_ecumenical_altar_rom_forum
D:2:      layout_basic, grunt_decor_mini_mirrors, minmay_indecisive_spiral
D:3:      layout_basic, mainiacjoe_overflow_alcove_2, overflow_temple_1_default,
          kennysheep_generic_room_16
D:4:      layout_cave_pools, grunt_temple_overflow_cloverleaf,
          gammafunk_ghost_grave, uniq_natasha
D:5:      minmay_octagon_keep, layout_basic, gammafunk_ghost_cemetery,
          serial_undead, serial_undead_d, serial_undead_b, serial_undead_a,
          serial_undead_d

Skill      XL: |  1  2  3  4  5  6  7  8 |
---------------+-------------------------+-----
Fighting       | 3 |  3.4
Unarmed Combat | 4 5 6 |  6.7
Dodging        | 3 4 |  4.5
Axes           | 1 2 3 |  3.1
Shields        | 1 2 3 |  3.1
Stealth        | |  0.7

Action                   |  1- 3 |  4- 6 |  7- 9 || total
-------------------------+-------+-------+-------++-------
Melee: Unarmed           |    99 |   109 |    74 ||   282
       Punch             |     1 |       |       ||     1
       War axe           |       |    24 |    30 ||    54
Invok: Berserk           |       |     2 |     3 ||     5
       Trog's Hand       |       |     1 |       ||     1
  Use: Scroll            |       |       |     4 ||     4
 Stab: Sleeping          |       |     1 |       ||     1
Armor: Animal skin       |    29 |    34 |    38 ||   101
Dodge: Dodged            |    50 |    49 |    88 ||   187
Block: Tower shield      |     1 |    71 |   100 ||   172

Table legend: (Time is in decaauts)
 A = Elapsed time spent in this place.
 B = Non-inter-level travel time spent in this place.
 C = Inter-level travel time spent in this place.
 D = Time resting spent in this place.
 E = Time spent auto-exploring this place.
 F = Levels seen in this place.
 G = Mean time per level.
                   A        B        C        D        E       F      G
               +--------+--------+--------+--------+--------+-----+--------+
         Total |   3090 |   2113 |    977 |      0 |   1234 |   5 |  618.0 |
       Dungeon |   3090 |   2113 |    977 |      0 |   1234 |   5 |  618.0 |
               +--------+--------+--------+--------+--------+-----+--------+

Top non-repeatable levels by time:
     D:2: 858 daAuts
     D:3: 822 daAuts
     D:4: 636 daAuts
     D:1: 493 daAuts
     D:5: 280 daAuts
